 Dungeon Crawl Stone Soup version 0.28.0-47-ge53b351184 (webtiles) character file.

Game seed: 17881714211668875800

60 101zpm the Magician (level 4, -5/31 HPs)
             Began as a Djinni Fire Elementalist on May 1, 2022.
             Slain by a gnoll
             ... wielding a +2 vorpal flail
              (9 damage)
             ... on level 4 of the Dungeon.
             The game lasted 00:02:09 (640 turns).

101zpm the Magician (Djinni Fire Elementalist)       Turns: 640, Time: 00:02:10

Health: -5/31      AC:  2    Str:  7    XL:     4   Next: 25%
Gold:   15         EV: 12    Int: 19    God:
                   SH:  0    Dex: 13

rFire   + + .      SeeInvis .   (no weapon)
rCold   x . .      Faith    .   (no shield)
rNeg    . . .      Spirit   .   a - +0 robe
rPois   ∞          Reflect  .   (no helmet)
rElec   .          Harm     .   (no cloak)
rCorr   .          Rampage  .   (no gloves)
Will    .....                   (boots unavailable)
Stlth   ++........              (no amulet)
HPRegen 0.10/turn               (no ring)
MPRegen 0.00/turn               (no ring)

@: flying, very slightly contaminated
A: sickness immunity, fire resistance 2, cold vulnerability 1, float, innate
caster, HP casting, extra vitality 1
a: no special abilities


You were on level 4 of the Dungeon.
You visited 1 branch of the dungeon, and saw 4 of its levels.

You collected 15 gold pieces.

Inventory:

Armour
 a - a +0 robe (worn)


   Skills:
 + Level 2.3 Dodging
 + Level 2.4 Stealth
 + Level 3.3 Spellcasting


You couldn't memorise any spells.
You knew the following spells:

 Your Spells              Type           Power      Damage    Failure   Level
a - Foxfire               Conj/Fire      60%        2x1d7     3%          1
b - Scorch                Fire           30%        2d7       5%          2
c - Conjure Flame         Conj/Fire      15%        6-21      11%         3
d - Inner Flame           Hex/Fire       15%        N/A       11%         3
e - Flame Wave            Conj/Fire      15%        2d6       36%         4
f - Sandblast             Erth           30%        2d9       3%          1
Your spell library was empty.

Dungeon Overview and Level Annotations

Branches:
Dungeon (4/15)
 Temple: D:4-7

Altars:


Innate Abilities, Weirdness & Mutations

You are immune to sickness and miasma.
You are immune to poison.
Your flesh is very heat resistant. (rF++)
You are vulnerable to cold. (rC-)
You float through the air rather than walking.
You learn spells naturally, not from books.
Your magical power is your life essence.
You have superior vitality. (+4 MHP)


Message History

A gnoll comes into view. It is wielding a +2 vorpal flail.
Casting: Foxfire (safe; 3% risk of failure)
Confirm with . or Enter, or press ? or * to list all spells.
The spell is quite dangerous to miscast (12% risk of failure)!
Continue anyway?
Aiming: Inner Flame (quite dangerous; 12% risk of failure)
Press: ? - help, Dir - move target, f - orc
Aim: an orc, wielding a +0 club and wearing a +0 chain mail (ally target, chance to affect: 83%)
The orc barely resists.
The foxfire hits the orc.
The orc is severely wounded.
The foxfire hits the orc.
You kill the orc!
You conjure some foxfire!
Casting: Foxfire (safe; 3% risk of failure)
Confirm with . or Enter, or press ? or * to list all spells.
The spell is quite dangerous to miscast (11% risk of failure)!
Continue anyway? [Y]es or [N]o only, please.
The spell is quite dangerous to miscast (11% risk of failure)!
Continue anyway?
Aiming: Inner Flame (quite dangerous; 11% risk of failure)
Press: ? - help, Dir - move target, f - gnoll
Aim: a gnoll, wielding a +2 vorpal flail (ally target, chance to affect: 76%)
The gnoll barely resists.
The foxfire hits the gnoll!
The gnoll is heavily wounded.
The foxfire hits the gnoll but does no damage.
The gnoll is heavily wounded.
You conjure some foxfire!
The foxfire hits the gnoll.
The gnoll is severely wounded.
The foxfire hits the gnoll.
The gnoll is almost dead.
You miscast Foxfire.
You are very lightly contaminated with residual magic.
Nothing appears to happen.
The gnoll hits you with a +2 vorpal flail!
* * * LOW HITPOINT WARNING * * *
x2
Casting: Foxfire (safe; 3% risk of failure)
Press: ? - help, Q - select action, (/) - cycle Dir - look around, f - activate You conjure some foxfire!
* * * LOW HITPOINT WARNING * * *
The gnoll hits you with a +2 vorpal flail!
You die...

#.# #.# #.# #.#
#.# #.######.
###.####<.......
.....)...v......
###....g@v.....#
...............#
.#######.#####.#
#<. . #.## #[.
... ...


You could see a gnoll (ally target).

Vanquished Creatures
  An orc priest (D:3)
  A gnoll (D:4)
  An adder (D:2)
  4 orcs
  A goblin (D:2)
  A hobgoblin (D:3)
  A bat (D:2)
  A frilled lizard (D:2)
11 creatures vanquished.

Vanquished Creatures (others)
  49 foxfires
  A fungus (D:2)
50 creatures vanquished.

Grand Total: 61 creatures vanquished

Notes
Turn   | Place    | Note
-------+----------+-------------------------------------------
     0 | D:1      | 101zpm the Djinni Fire Elementalist began the quest for the
                  | Orb.
     0 | D:1      | Reached XP level 1. HP: 15/15 MP: 0/0
   129 | D:2      | Reached XP level 2. HP: 7/21 MP: 0/0
   349 | D:3      | Found a faded altar of an unknown god.
   467 | D:3      | Reached skill level 3 in Spellcasting
   467 | D:3      | Reached XP level 3. HP: 14/25 MP: 0/0
   467 | D:3      | Learned a level 1 spell: Sandblast
   468 | D:3      | Reached XP level 4. HP: 15/31 MP: 0/0
   640 | D:4      | Slain by a gnoll

Illustrated notes

Levels and vault maps discovered:
D:1:      zaba_arrival_water, layout_rooms
D:2:      layout_loops_ring, minivault_11, minmay_misc_feat_plants
D:3:      layout_loops_cross, ebering_ecumenical_altar_hall
D:4:      layout_basic, minitemple, minmay_temple_entry_tees, uniq_ijyb

Skill      XL: |  1  2 |
---------------+-------+-----
Stealth        | 2 |  2.4
Spellcasting   | 3 |  3.3
Dodging        | |  2.3

Action                   |  1- 3 |  4- 6 || total
-------------------------+-------+-------++-------
 Cast: Foxfire           |    21 |     8 ||    29
       Scorch            |     2 |     1 ||     3
       Inner Flame       |       |     2 ||     2
Armor: Robe              |     1 |       ||     1
